 Dungeon Crawl Stone Soup version 0.31-a0-675-g238779eb0a (webtiles) character file.

Game seed: 8978730282234572508

38 qw the Shooter (level 3, -3/21 HPs)
             Began as a Gargoyle Hunter on Sept 5, 2023.
             Frozen to death by an endoplasm (5 damage)
             ... on level 2 of the Dungeon.
             The game lasted 00:00:26 (1246 turns).

qw the Shooter (Gargoyle Hunter)                    Turns: 1246, Time: 00:00:26

Health: -3/21      AC:  8    Str: 14    XL:     3   Next: 43%
Magic:  3/3        EV: 10    Int:  9    God:
Gold:   64         SH:  0    Dex: 15    Spells: 2/2 levels left

rFire   . . .        Y - +0 shortbow
rCold   . . .        (shield currently unavailable)
rNeg    + . .        i - +0 ring mail
rPois   inf          (no helmet)
rElec   +            (no cloak)
rCorr   .            (no gloves)
SInv    .            (no boots)
Will    .....        (no amulet)
Stlth   +            (no ring)
HPRegen 0.23/turn    (no ring)
MPRegen 0.08/turn

%: no passive effects
@: no status effects
A: sickness immunity, AC +3, negative energy resistance 1, electricity
resistance, torment resistance 1, petrification resistance
a: no special abilities


You were on level 2 of the Dungeon.
You visited 1 branch of the dungeon, and saw 2 of its levels.

You collected 64 gold pieces.


Innate Abilities, Weirdness & Mutations

You are immune to sickness and miasma.
Your stone body is resilient. (AC +3)
You are immune to poison.
You resist negative energy. (rN+)
You are resistant to electric shocks. (rElec)
You are resistant to unholy torment.
You are immune to petrification.


   Skills:
 + Level 2.1 Fighting
 - Level 5.0 Ranged Weapons
 - Level 1.1 Armour
 - Level 1.5 Dodging
 - Level 1.1 Stealth


You had 2 spell levels left.
You didn't know any spells.
Your spell library was empty.

Inventory:

Hand Weapons
 Y - a +0 shortbow (weapon)
Armour
 i - a +0 ring mail (worn)
Scrolls
 a - a scroll of silence {unknown}
 b - 2 scrolls of identify
 c - a scroll of noise {unknown}
Potions
 d - a potion of attraction {unknown}
 g - a potion of might

Dungeon Overview and Level Annotations

Branches:
Dungeon (2/15)

Altars:


Message History

You shoot an arrow. The frilled lizard hisses angrily.
The arrow hits the hobgoblin!
You kill the hobgoblin!
The hobgoblin closely misses you.
Your Ranged Weapons skill increases to level 5!
You shoot an arrow. The arrow barely misses the hobgoblin.
The hobgoblin hits you.
You shoot an arrow.
The arrow hits the endoplasm but does no damage.
The hobgoblin closely misses you. The frilled lizard bites you.
The endoplasm hits you but does no damage.
You shoot an arrow.
The arrow hits the endoplasm but does no damage.
The hobgoblin barely misses you. The frilled lizard bites you.
The endoplasm hits you. The endoplasm freezes you.
You are frozen.
You shoot an arrow. The arrow barely misses the endoplasm.
The hobgoblin closely misses you. The endoplasm barely misses you.
The frilled lizard closely misses you. The endoplasm freezes you.
You are frozen.
You shoot an arrow. The arrow hits the endoplasm.
The endoplasm is moderately wounded.
The hobgoblin hits you.
The frilled lizard bites you but does no damage.
The endoplasm freezes you.
You are frozen.
The endoplasm barely misses you.
The frilled lizard unfolds its giant frill.
The endoplasm freezes you.
You are frozen.
The endoplasm barely misses you. The hobgoblin hits you.
The frilled lizard bites you but does no damage.
You shoot an arrow.
The arrow hits the endoplasm but does no damage.
The endoplasm is moderately wounded.
The hobgoblin barely misses you. The endoplasm freezes you.
You are frozen.
You die...

#.. .......
######..
.......
#.......
.......
#....%..
.......
#.......
..[....
#.......
.......##
#.......
......Jl###
#.......
.....lg@..##
#.......
......J##..##
#.......
......% ##..###
#.......
.......
##...###.......
.......
###...........
.......
#####..#####
.......
##......
....... #######


You could see 2 endoplasms, a hobgoblin and 2 frilled lizards.

Vanquished Creatures
  2 worms (D:2)
  3 bats (D:1)
  2 endoplasms (D:1)
  A giant cockroach (D:2)
  2 goblins (D:1)
  5 hobgoblins
  3 jackals (D:1)
  5 kobolds
  A quokka (D:1)
  A ball python (D:2)
  2 frilled lizards (D:1)
  A rat (D:1)
28 creatures vanquished.

Notes
Turn   | Place    | Note
-------+----------+-------------------------------------------
     0 | D:1      | qw the Gargoyle Hunter began the quest for the Orb.
     0 | D:1      | Reached XP level 1. HP: 12/12 MP: 1/1
     0 | D:1      | 0 ||| qw: Version: 0.3-a-75-g829b12e
     0 | D:1      | 0 ||| qw: Game counter: 153
     0 | D:1      | 0 ||| qw: Melee chars always use a shield: true
     0 | D:1      | 0 ||| qw: God list: Okawaru
     0 | D:1      | 0 ||| qw: Allow faded altars: false
     0 | D:1      | 0 ||| qw: Do Orc after clearing Dungeon:15 true
     0 | D:1      | 0 ||| qw: Do second Lair branch before Depths: true
     0 | D:1      | 0 ||| qw: Lair rune preference: random
     0 | D:1      | 0 ||| qw: Goals: Normal
     0 | D:1      | 0 ||| PLANNING D:1-11
   154 | D:1      | Reached XP level 2. HP: 17/17 MP: 2/2
   524 | D:1      | Found a faded altar of an unknown god.
   632 | D:1      | Reached XP level 3. HP: 13/21 MP: 3/3
   943 | D:1      | 943 ||| UPGRADING to +0 ring mail.
   953 | D:1      | 953 ||| DROPPING +0 leather armour.
   954 | D:1      | 954 ||| READING scroll labelled ZAIXKU BINIDWUUN.
   955 | D:1      | 955 ||| READING scroll labelled WIBUCE USAINAP.
   956 | D:1      | 956 ||| READING scroll labelled NAVEIR GEOFI.
   957 | D:1      | 957 ||| READING scroll labelled METAQOACAE.
   960 | D:1      | 960 ||| READING scroll labelled UMOPYL LEASTORE.
   961 | D:1      | 961 ||| DRINKING 2 lumpy inky potions.
   962 | D:1      | 962 ||| DROPPING scroll of butterflies.
  1176 | D:2      | Reached skill level 1 in Armour
  1241 | D:2      | Reached skill level 5 in Ranged Weapons
  1245 | D:2      | HP: 4/21 [frozen (2)]
  1246 | D:2      | Frozen to death by an endoplasm

Levels and vault maps discovered:
D:1:      minmay_arrival_open_corners, layout_loops_corners,
          shapermc_ecumenical_altar_petra, grunt_decor_one_mirror
D:2:      layout_basic, chequers_mini_garden

Skill      XL: |  1  2  3 |
---------------+----------+-----
Armour         | 1 |  1.1
Ranged Weapons | 5 |  5.0
Fighting       | |  2.1
Dodging        | |  1.5
Stealth        | |  1.1

Action                     || total
---------------------------++-------
   Fire: Shortbow          ||   111
    Use: Scroll            ||     5
         Potion            ||     1
 Armour: Leather armour    ||    27
         Ring mail         ||    13
  Dodge: Dodged            ||    52

Table legend:
 A = Non-vault XP
 B = Vault XP
 C = Vault XP percentage of total XP
 D = Non-vault monster count
 E = Vault monster count
 F = Vault count percentage of total count
                 A         B        C        D         E       F
            +---------+---------+-------+---------+---------+-------
      Total |      55 |       0 |   0.0 |      28 |       0 |   0.0
            +---------+---------+-------+---------+---------+-------
        D:1 |      37 |       0 |   0.0 |      21 |       0 |   0.0
        D:2 |      18 |       0 |   0.0 |       7 |       0 |   0.0
            +---------+---------+-------+---------+---------+-------
